 Dungeon Crawl Stone Soup version 0.28-a0-796-gd4f0d3f9b2 (webtiles) character file.

Game seed: 574847779685243844

162 Decritt the Digger (level 5, -5/32 HPs)
             Began as a Gargoyle Earth Elementalist on Nov 6, 2021.
             Slain by a wight (13 damage)
             ... on level 3 of the Dungeon.
             The game lasted 00:10:07 (3863 turns).

Decritt the Digger (Gargoyle Earth Elementalist)    Turns: 3863, Time: 00:10:07

Health: -5/32      AC:  8    Str: 11    XL:     5   Next: 43%
Magic:  9/9        EV: 11    Int: 17    God:
Gold:   112        SH:  0    Dex: 10    Spells: 9/10 levels left

rFire   . . .      SeeInvis .   q - +0 whip
rCold   . . .      Faith    .   (no shield)
rNeg    + . .      Spirit   .   k - +0 leather armour
rPois   ∞          Reflect  .   j - +0 helmet
rElec   +          Harm     .   (no cloak)
rCorr   .          Rampage  .   (no gloves)
Will    .....                   (no boots)
Stlth   ++........              (no amulet)
HPRegen 0.10/turn               (no ring)
MPRegen 0.11/turn               (no ring)

@: about to teleport
A: sickness immunity, AC +4, negative energy resistance 1, electricity
resistance, torment resistance 1, petrification resistance
a: no special abilities


You were on level 3 of the Dungeon.
You visited 1 branch of the dungeon, and saw 4 of its levels.

You collected 112 gold pieces.

Inventory:

Hand Weapons
 q - a +0 whip (weapon)
Missiles
 a - 5 poisoned darts (quivered)
 c - 49 stones
Armour
 b - a +0 robe
 h - a +0 ring mail
 j - a +0 helmet (worn)
 k - a +0 leather armour (worn)
Wands
 i - a wand of iceblast (9)
Scrolls
 e - a scroll of blinking {unknown}
 g - a scroll of brand weapon {unknown}
 l - a scroll of enchant weapon {unknown}
 n - 2 scrolls of teleportation
 o - a scroll of fear {unknown}
 p - a scroll of enchant armour {unknown}
 r - a scroll of noise {unknown}
Potions
 d - 2 potions of lignification {unknown}
 f - a potion of curing {unknown}
 m - a potion of resistance {unknown}
 s - a potion of brilliance {unknown}


   Skills:
 - Level 3.0 Fighting
 + Level 1.1 Maces & Flails
 * Level 2.0 Armour
 - Level 1.5 Dodging
 - Level 2.1 Stealth
 + Level 3.0 Spellcasting
 - Level 0.7 Transmutations
 - Level 4.4 Earth Magic


You had 9 spell levels left.
You knew the following spells:

 Your Spells              Type           Power      Damage    Failure   Level
a - Sandblast             Erth           34%        2d9       3%          1

Your spell library contained the following spells:

 Spells                   Type           Power      Damage    Failure   Level
 Passwall                 Tmut/Erth      9%         N/A       12%         2
 Slow                     Hex            8%         N/A       22%         1
 Stone Arrow              Conj/Erth      20%        3d8       28%         3
 Ensorcelled Hibernation  Hex/Ice        4%         N/A       34%         2
 Confusing Touch          Hex            2%         N/A       56%         3
 Portal Projectile        Hex/Tloc       4%         N/A       56%         3
 Tukima's Dance           Hex            2%         N/A       56%         3
 Petrify                  Tmut/Erth      11%        N/A       63%         4
 Blade Hands              Tmut           2%         N/A       99%         5
 Excruciating Wounds      Necr           1%         N/A       99%         5
 Yara's Violent Unravell  Hex/Tmut       1%         3d3       99%         5


Dungeon Overview and Level Annotations

Branches:
Dungeon (4/15)
 Temple: D:4-7

Altars:
Nemelex Xobeh


Innate Abilities, Weirdness & Mutations

You are immune to sickness and miasma.
Your stone body is resilient. (AC +4)
You are immune to poison.
You resist negative energy. (rN+)
You are resistant to electric shocks. (rElec)
You are resistant to unholy torment.
You are immune to petrification.


Message History

You kill the adder!
c - 49 stones Your Armour skill increases to level 2!
There is a stone staircase leading down here.
Casting: Sandblast (safe; 3% risk of failure)
Confirm with . or Enter, or press ? or * to list all spells.
Aiming: Sandblast (safe; 3% risk of failure)
Press: ? - help, Shift-Dir - straight line, f - wight
Aim: a wight, wielding a +4 battleaxe and wearing a +0 robe (79% to hit)
You miscast Sandblast.
You are very lightly contaminated with residual magic.
Nothing appears to happen.
You hear the rusting of a very distant drain.
A wight comes into view. It is wielding a +4 hand axe.
Your magical contamination has completely faded away.
There is a stone staircase leading up here.
The wight barely misses you.
There is a stone staircase leading up here.
You climb upwards.
There is a stone staircase leading down here.
You start resting.
Magic restored.
You start waiting.
Done waiting.
You climb downwards.
You hear the sound of rushing water.
There is an entrance to a sewer on this level.
Hurry and find it before the portal rusts away!
You hear the brisk rusting of a very distant drain.
The wight hits you with a +4 battleaxe. The wight hits you with a +4 hand axe.
The wight closely misses you. x2; The wight barely misses you.
There is a stone staircase leading up here.
The wight hits you but does no damage. The wight hits you with a +4 hand axe!
* * * LOW HITPOINT WARNING * * *
The wight hits you with a +5 battleaxe!
* * * LOW HITPOINT WARNING * * *
You climb upwards.
There is a stone staircase leading down here.
As you read the scroll of teleportation, it crumbles to dust.
You feel strangely unstable. The wight hits you with a +4 battleaxe!
You die...

#####
#####...#####
#<.##...##z@#
#...#...#.zz#
##..#...#..##
#####....)#####
#.............##
#......♣.......#
#..............#
#.###.....###..#
###..#...#..##.#


You could see 3 wights.

Vanquished Creatures
  A scorpion (D:4)
  2 adders
  4 worms (D:2)
  4 dart slugs
  An orc (D:3)
  3 bats
  8 endoplasms
  2 giant cockroaches
  9 goblins
  5 hobgoblins
  4 jackals (D:1)
  3 quokkas
  4 ball pythons
  A frilled lizard (D:3)
  6 kobolds
  5 rats
62 creatures vanquished.

Notes
Turn   | Place    | Note
-------+----------+-------------------------------------------
     0 | D:1      | Decritt the Gargoyle Earth Elementalist began the quest for
                  | the Orb.
     0 | D:1      | Reached XP level 1. HP: 10/10 MP: 3/3
   174 | D:1      | Reached skill level 1 in Fighting
   174 | D:1      | Reached XP level 2. HP: 16/16 MP: 1/5
   720 | D:1      | Reached skill level 4 in Earth Magic
  1074 | D:1      | Reached XP level 3. HP: 21/21 MP: 4/6
  1210 | D:1      | Found a faded altar of an unknown god.
  1936 | D:2      | Reached XP level 4. HP: 13/27 MP: 2/7
  3179 | D:3      | Found a sparkling altar of Nemelex Xobeh.
  3487 | D:4      | Noticed a scorpion
  3497 | D:4      | Killed a scorpion
  3498 | D:4      | Reached skill level 1 in Maces & Flails
  3498 | D:4      | Reached skill level 1 in Armour
  3498 | D:4      | Reached XP level 5. HP: 11/32 MP: 0/9
  3863 | D:3      | Slain by a wight

Illustrated notes

Levels and vault maps discovered:
D:1:      minmay_arrival_stone_box, layout_loops_corners,
          dreamdust_ecumenical_altar_hidden_monk_grotto
D:2:      kennysheep_the_goblin_king, layout_rooms
D:3:      layout_rooms, nemelex_diamond_rough_becter, fountainhead,
          grunt_ministairs_6
D:4:      layout_loops_ring, mainiacjoe_overflow_alcove_4,
          mainiacjoe_overflow_alcove_1, cheibrodos_sewer_entry_bend,
          uniq_crazy_yiuf_cottage

Skill      XL: |  1  2  3  4  5 |
---------------+----------------+-----
Fighting       | 1 2 3 |  3.0
Earth Magic    | 4 |  4.4
Maces & Flails | 1 |  1.1
Armour         | 1 2 |  2.0
Spellcasting   | 3 |  3.0
Dodging        | |  1.5
Stealth        | |  2.1
Transmutations | |  0.7

Action                   |  1- 3 |  4- 6 || total
-------------------------+-------+-------++-------
Melee: Club              |    50 |    10 ||    60
       Whip              |       |    25 ||    25
Throw: Dart              |       |     8 ||     8
 Cast: Sandblast         |    47 |    27 ||    74
  Use: Scroll            |       |     2 ||     2
Armor: Robe              |    26 |       ||    26
       Leather armour    |     4 |    22 ||    26
Dodge: Dodged            |    53 |    20 ||    73

Table legend: (Time is in decaauts)
 A = Elapsed time spent in this place.
 B = Non-inter-level travel time spent in this place.
 C = Inter-level travel time spent in this place.
 D = Time resting spent in this place.
 E = Time spent auto-exploring this place.
 F = Levels seen in this place.
 G = Mean time per level.
                   A        B        C        D        E       F      G
               +--------+--------+--------+--------+--------+-----+--------+
         Total |   3883 |   3824 |     59 |   1240 |   1985 |   4 |  970.8 |
       Dungeon |   3883 |   3824 |     59 |   1240 |   1985 |   4 |  970.8 |
               +--------+--------+--------+--------+--------+-----+--------+

Top non-repeatable levels by time:
     D:1: 1376 daAuts
     D:3: 1192 daAuts
     D:2: 1044 daAuts
     D:4: 269 daAuts
